[Event "Team 45 45 League T97"]
[Site "Internet Chess Club"]
[Date "2023.09.11"]
[Round "5"]
[White "stantheman59"]
[Black "WzeroMN"]
[Result "1-0"]
[WhiteElo "1115"]
[BlackElo "925"]
[Opening "QGD: 4.Nf3"]
[ECO "D37"]
[Time "15:11:43"]
[PlyCount "47"]
[TimeControl "2700+45"]

1. d4 d5 2. c4 Nf6 3. Nc3 e6 4. Nf3 Bd7 5. Bg5 h6 6. Bh4 Qe7 7. a3 Nc6 8. e3
O-O-O 9. Ne5 g5 10. Nxd7 Nxd7 11. Bg3 Nf6 12. b4 Ne4 13. Nxe4 dxe4 14. Qa4 Qd7
15. c5 e5 16. Bb5 exd4 17. O-O Bg7 18. exd4 Bxd4 19. Rad1 e3 20. fxe3 Bxe3+ 21.
Kh1 Qe6 22. Bxc6 bxc6 23. Qxa7 Rd5 24. Qxc7# {Black checkmated} 1-0

[Event "Team 45 45 League T97"]
[Site "Internet Chess Club"]
[Date "2023.09.06"]
[Round "5"]
[White "Denis240964"]
[Black "Kingofknights"]
[Result "1/2-1/2"]
[WhiteElo "1355"]
[BlackElo "1571"]
[Opening "Caro-Kann: Steinitz variation"]
[ECO "B17"]
[Time "14:00:24"]
[PlyCount "129"]
[TimeControl "2700+45"]

1. e4 c6 2. d4 d5 3. Nc3 dxe4 4. Nxe4 Nd7 5. Nf3 Ngf6 6. Ng3 e6 7. c3 c5 8. Be2
cxd4 9. Nxd4 Be7 10. O-O O-O 11. Be3 Nd5 12. Qd2 Nxe3 13. Qxe3 a6 14. b4 Qc7 15.
Rfd1 Nf6 16. Rac1 Nd5 17. Qd2 b5 18. a3 h6 19. Qc2 Bb7 20. c4 bxc4 21. Qxc4 Qf4
22. Nc6 Bxc6 23. Qxc6 Rfc8 24. Qxc8+ Rxc8 25. Rxc8+ Kh7 26. Bxa6 Qd6 27. Bd3+ g6
28. Ne4 Qd7 29. Ba6 Qa4 30. Be2 Qxa3 31. b5 Qa4 32. Nc3 Qc2 33. Rxd5 exd5 34. b6
Qc1+ 35. Bf1 d4 36. b7 Bd6 37. Nd5 Qb1 38. Nf6+ Kg7 39. Rd8 Kxf6 40. Rxd6+ Ke7
41. Rxd4 Qxb7 42. g3 Ke6 43. Be2 Ke5 44. Rd2 Qc7 45. Rd1 Qc2 46. Re1 Qd2 47. Kf1
Kf6 48. Rd1 Qc3 49. Re1 h5 50. Rd1 Ke5 51. Re1 Kf5 52. Rd1 Qc6 53. Kg1 Kg5 54.
h4+ Kh6 55. Rd3 g5 56. Bf3 Qf6 57. hxg5+ Qxg5 58. Rd5 Qe7 59. Rxh5+ Kg6 60. Rd5
f6 61. Kg2 f5 62. Rd2 Qe5 63. Re2 Qd6 64. Re1 Kg5 65. Rd1 {Game drawn by mutual
agreement} 1/2-1/2

[Event "Team 45 45 League T97"]
[Site "Internet Chess Club"]
[Date "2023.09.09"]
[Round "5"]
[White "Constrictor"]
[Black "sdcohle"]
[Result "1/2-1/2"]
[WhiteElo "1420"]
[BlackElo "1329"]
[Opening "Réti: Nimzovich-Larsen attack"]
[ECO "A06"]
[Time "11:06:11"]
[PlyCount "65"]
[TimeControl "2700+45"]

1. Nf3 d5 2. b3 Nf6 3. e3 e6 4. Bb2 Be7 5. c4 c6 6. Be2 O-O 7. Ne5 Nbd7 8. f4
Bd6 9. O-O Qc7 10. Ng4 Nxg4 11. Bxg4 f5 12. Bh3 e5 13. fxe5 Nxe5 14. Qc2 Ng4 15.
g3 Bxg3 16. Bxg4 Bxh2+ 17. Kh1 Be5 18. Bh3 Bxb2 19. Qxb2 f4 20. Bg2 Bg4 21. cxd5
f3 22. Qd4 fxg2+ 23. Kxg2 Rxf1 24. Kxf1 Rf8+ 25. Kg2 Bd7 26. Nc3 Qd6 27. Qh4 Qf6
28. Qxf6 Rxf6 29. Rf1 Rxf1 30. Kxf1 cxd5 31. Nxd5 Kf7 32. Kf2 g5 33. Kg3 {Game
drawn by mutual agreement} 1/2-1/2

[Event "Team 45 45 League T97"]
[Site "Internet Chess Club"]
[Date "2023.09.10"]
[Round "5"]
[White "Visin"]
[Black "olivermx"]
[Result "0-1"]
[WhiteElo "1295"]
[BlackElo "1312"]
[Opening "Sicilian"]
[ECO "B50"]
[Time "12:00:16"]
[PlyCount "114"]
[TimeControl "2700+45"]

1. e4 c5 2. Nf3 d6 3. Nc3 Nf6 4. h3 a6 5. Bc4 h6 6. d4 cxd4 7. Nxd4 e5 8. Nf3
Be7 9. a3 Nbd7 10. O-O b5 11. Bd5 Nxd5 12. Nxd5 Bb7 13. b3 Nf6 14. Nxf6+ Bxf6
15. Nd2 O-O 16. f3 Qb6+ 17. Kh1 Rfd8 18. c4 Rac8 19. Qe2 Bc6 20. Bb2 Qa7 21. Nb1
Bd7 22. Nd2 Bg5 23. Rad1 Bxd2 24. Rxd2 bxc4 25. Rxd6 Bb5 26. Qd2 Rxd6 27. Qxd6
c3 28. Rc1 Qd4 29. Qxd4 exd4 30. Kg1 Bd7 31. Ba1 Be6 32. Kf1 Bxb3 33. Ke1 Rd8
34. Bxc3 dxc3 35. Rxc3 Ba4 36. Ke2 Bb5+ 37. Kf2 g5 38. g3 Kg7 39. Ke3 Kg6 40. f4
f6 41. fxg5 hxg5 42. h4 gxh4 43. gxh4 Kh5 44. Kf4 Kxh4 45. Kf5 Rf8 46. Rc7 Kg3
47. Ra7 Kf3 48. e5 fxe5+ 49. Kxe5 Re8+ 50. Kd4 Re4+ 51. Kc5 Ra4 52. Kb6 Rxa3 53.
Rf7+ Ke2 54. Rf5 Kd2 55. Rc5 Rc3 56. Rxc3 Kxc3 57. Ka5 Kb3 {White resigns} 0-1

[Event "Team 45 45 League T97"]
[Site "Internet Chess Club"]
[Date "2023.09.06"]
[Round "5"]
[White "Balderdash"]
[Black "tamky70"]
[Result "0-1"]
[WhiteElo "1169"]
[BlackElo "1343"]
[Opening "King's pawn opening"]
[ECO "B07"]
[Time "19:30:33"]
[PlyCount "34"]
[TimeControl "2700+45"]

1. e4 d6 2. Nf3 g6 3. d4 Bg7 4. Be3 Nd7 5. Nc3 e5 6. d5 Ngf6 7. Bb5 O-O 8. Be2
Nc5 9. Ng5 h6 10. Nf3 Ncxe4 11. Nxe4 Nxe4 12. Qd3 Nc5 13. Bxc5 dxc5 14. Qc4 b6
15. O-O-O Qf6 16. g3 e4 17. Nd2 Qxb2# {White checkmated} 0-1

[Event "Team 45 45 League T97"]
[Site "Internet Chess Club"]
[Date "2023.09.09"]
[Round "5"]
[White "manfredo"]
[Black "clarinetref"]
[Result "1-0"]
[WhiteElo "1568"]
[BlackElo "1525"]
[Opening "French: advance, Euwe variation"]
[ECO "C02"]
[Time "18:33:28"]
[PlyCount "41"]
[TimeControl "2700+45"]

1. e4 e6 2. d4 d5 3. e5 c5 4. c3 Nc6 5. Nf3 Bd7 6. Be2 f6 7. O-O fxe5 8. Nxe5
Nxe5 9. dxe5 Qe7 10. Be3 O-O-O 11. b4 b6 12. bxc5 bxc5 13. Na3 Bc6 14. Nb5 Qd7
15. Qa4 Bxb5 16. Bxb5 Qc7 17. Ba6+ Kb8 18. Rab1+ Ka8 19. Bb7+ Qxb7 20. Rxb7 Kxb7
21. Rb1+ {Black resigns} 1-0

[Event "Team 45 45 League T97"]
[Site "Internet Chess Club"]
[Date "2023.09.09"]
[Round "5"]
[White "herrahuu"]
[Black "Pawnchain"]
[Result "1/2-1/2"]
[WhiteElo "1402"]
[BlackElo "1369"]
[Opening "French: advance, Euwe variation"]
[ECO "C02"]
[Time "07:00:38"]
[PlyCount "76"]
[TimeControl "2700+45"]

1. e4 e6 2. d4 d5 3. e5 c5 4. c3 Nc6 5. Nf3 Bd7 6. Be2 Nge7 7. O-O Nf5 8. Be3
cxd4 9. cxd4 Be7 10. Nc3 a6 11. g4 Nh4 12. Nxh4 Bxh4 13. f4 f5 14. exf6 Bxf6 15.
g5 Be7 16. h4 g6 17. a3 Bd6 18. Qd3 Ne7 19. h5 Nf5 20. Rf3 Rc8 21. Rh3 Kf7 22.
Rf1 Bb5 23. Nxb5 axb5 24. Rf2 Qc7 25. Qd2 Qc2 26. Bxb5 Qxd2 27. Bxd2 b6 28.
hxg6+ hxg6 29. Rxh8 Rxh8 30. b4 Rh4 31. a4 Nxd4 32. Be3 Nxb5 33. axb5 Rh3 34.
Bxb6 Bxb4 35. Kg2 Rb3 36. Rf3 Rb2+ 37. Kh3 Bd6 38. Bd4 Rxb5 {Game drawn by
mutual agreement} 1/2-1/2

[Event "Team 45 45 League T97"]
[Site "Internet Chess Club"]
[Date "2023.09.07"]
[Round "5"]
[White "PsyMar"]
[Black "SeniorCitizen"]
[Result "1-0"]
[WhiteElo "1333"]
[BlackElo "1162"]
[Opening "French: advance variation"]
[ECO "C02"]
[Time "14:02:19"]
[PlyCount "137"]
[TimeControl "2700+45"]

1. e4 e6 2. d4 d5 3. e5 c5 4. c3 Nc6 5. Bb5 Bd7 6. Ne2 Qb6 7. a4 a6 8. Bxc6 Bxc6
9. f4 Nh6 10. Qd3 Nf5 11. g4 c4 12. Qc2 Ne7 13. f5 Bd7 14. Nf4 exf5 15. gxf5
Bxf5 16. Qf2 O-O-O 17. Nd2 Qc6 18. Qg3 Ng6 19. O-O Be7 20. Nf3 Be4 21. Ng5 Bxg5
22. Qxg5 Rde8 23. Ra3 Nxf4 24. Bxf4 Qg6 25. b4 Qxg5+ 26. Bxg5 h6 27. Bh4 g5 28.
Bg3 Rh7 29. Rf6 Re6 30. Rf2 h5 31. h4 gxh4 32. Bxh4 Rg6+ 33. Kf1 Rg4 34. Bf6 h4
35. b5 h3 36. Rh2 Rg3 37. e6 fxe6 38. Be5 Rf3+ 39. Ke1 Rd3 40. bxa6 bxa6 41. Rf2
Rf3 42. Bh2 Rb7 43. Rxf3 Bxf3 44. Ra2 Bg2 45. Kf2 Rb3 46. Rc2 Ra3 47. Ke3 Rxa4
48. Kf4 Kd7 49. Ke5 Ra1 50. Rb2 Re1+ 51. Kf6 Rh1 52. Be5 h2 53. Rxg2 Rc1 54.
Rxh2 Rxc3 55. Rh7+ Kc6 56. Kxe6 a5 57. Rc7+ Kb5 58. Kxd5 Kb4 59. Rb7+ Ka4 60.
Kc5 Rb3 61. Rxb3 Kxb3 62. d5 a4 63. d6 a3 64. d7 a2 65. d8=Q c3 66. Bxc3 Kxc3
67. Qf6+ Kb3 68. Qa1 Ka3 69. Kc4 {Black resigns} 1-0

[Event "Team 45 45 League T97"]
[Site "Internet Chess Club"]
[Date "2023.09.10"]
[Round "5"]
[White "thundercat1"]
[Black "Dwilkes"]
[Result "0-1"]
[WhiteElo "959"]
[BlackElo "1095"]
[Opening "Queen's pawn game"]
[ECO "A45"]
[Time "19:00:21"]
[PlyCount "86"]
[TimeControl "2700+45"]

1. d4 Nf6 2. Nc3 e6 3. a3 d5 4. Nf3 c5 5. e3 Be7 6. g3 Nc6 7. Bb5 a6 8. Ba4 b5
9. Bb3 c4 10. Ba2 Bb7 11. Ne5 b4 12. Na4 Qa5 13. c3 b3 14. Bxb3 cxb3 15. Qxb3
Nxe5 16. dxe5 Bc6 17. Nb6 Rb8 18. Qc2 Rxb6 19. exf6 Bxf6 20. O-O O-O 21. Bd2
Rfb8 22. Rab1 Qb5 23. f3 Qb3 24. Qxb3 Rxb3 25. Bc1 Bxc3 26. Rf2 Bf6 27. Rc2 Bb5
28. Rc7 g6 29. Kg2 Be5 30. Re7 Kf8 31. Ra7 Bd3 32. Ra1 Bxb2 33. Bxb2 Rxb2+ 34.
Kh3 Re2 35. Rc1 Bc4 36. e4 Rbb2 37. Ra8+ Kg7 38. exd5 Rxh2+ 39. Kg4 h5+ 40. Kf4
exd5 41. Re1 Rhe2 42. Ra1 Kf6 43. Rc8 g5# {White checkmated} 0-1